 Dungeon Crawl Stone Soup version 0.29.1-2-gbd0b4ee654 (webtiles) character file.

Game seed: 17390613015957540667

107 Hiippo the Trooper (level 5, 43/43 HPs)
             Began as a Human Fighter on Nov 30, 2022.
             Quit the game on level 3 of the Dungeon.
             The game lasted 00:09:16 (3272 turns).

Hiippo the Trooper (Human Fighter)                  Turns: 3272, Time: 00:09:17

Health: 43/43      AC:  6    Str: 18    XL:     5   Next: 10%
Magic:  5/5        EV:  9    Int:  8    God:
Gold:   158        SH:  4    Dex: 13    Spells: 4/4 levels left

rFire   . . .      SeeInvis .   a - +0 war axe
rCold   . . .      Faith    .   c - +0 buckler
rNeg    . . .      Spirit   +   b - +0 scale mail
rPois   .          Reflect  .   (no helmet)
rElec   .          Harm     .   (no cloak)
rCorr   .          Rampage  .   (no gloves)
Will    .....                   (no boots)
Stlth   ..........              g - amulet of guardian spirit
HPRegen 0.14/turn               (no ring)
MPRegen 0.09/turn               (no ring)

@: no status effects
A: no striking features
a: no special abilities


You were on level 3 of the Dungeon.
You visited 1 branch of the dungeon, and saw 3 of its levels.

You collected 158 gold pieces.

Inventory:

Hand Weapons
 a - a +0 war axe (weapon)
 h - the +5 long sword of Qeilaxuc {holy, *Noise Int+4}
   (You found it on level 3 of the Dungeon)

   It has been blessed by the Shining One to cause great damage to the undead
   and demons.
   Int:       It affects your intelligence (+4).
   *Noise:    It may make noises in combat.
Armour
 b - a +0 scale mail (worn)
 c - a +0 buckler (worn)
Jewellery
 g - an amulet of guardian spirit (around neck)
 n - a ring of fire
Scrolls
 m - 2 scrolls of teleportation {unknown}
 p - 2 scrolls of noise
Potions
 d - 3 potions of might
 e - 2 potions of heal wounds {unknown}
 f - 3 potions of curing
 i - a potion of flight
 j - 2 potions of mutation
 k - a potion of berserk rage
 l - 2 potions of haste


   Skills:
 + Level 4.3 Fighting
 + Level 3.7 Axes
 - Level 3.0 Armour
 - Level 3.0 Shields


You had 4 spell levels left.
You didn't know any spells.
Your spell library contained the following spells:

 Spells                   Type           Power      Damage    Failure   Level
 Foxfire                  Conj/Fire      0%         2x1d4     87%         1
 Summon Small Mammal      Summ           0%         N/A       87%         1
 Call Canine Familiar     Summ           0%         N/A       99%         3
 Conjure Flame            Conj/Fire      0%         6-21      99%         3
 Inner Flame              Hex/Fire       0%         N/A       99%         3
 Summon Guardian Golem    Hex/Summ       0%         N/A       99%         3
 Flame Wave               Conj/Fire      0%         2d4       100%        4
 Summon Lightning Spire   Summ/Air       0%         N/A       100%        4
 Storm Form               Tmut/Air       0%         N/A       100%        7
 Maxwell's Capacitive Co  Air            0%         ∞         100%        8


Dungeon Overview and Level Annotations

Branches:
Dungeon (3/15)

Altars:


Message History

No target in view!
No target in view!
No target in view!
No target in view!
No target in view!
No target in view!
No target in view!
No target in view!
You see here a ball python corpse.
An orc comes into view.
It is wielding a +0 antimagic short sword.
The orc shouts!
The orc hits you with a +0 antimagic short sword.
You feel your power leaking away.
You hit the orc but do no damage. The orc hits you but does no damage.
You barely miss the orc. You block the orc's attack.
You barely miss the orc. You block the orc's attack.
The orc hits you but does no damage.
You completely miss the orc. The orc closely misses you.
You hit the orc.
The orc is heavily wounded.
The orc hits you with a +0 antimagic short sword.
You feel your power leaking away.
You closely miss the orc.
The orc is heavily wounded.
The orc hits you but does no damage. You block the orc's attack.
You slash the orc!
You kill the orc!
Found 14 gold pieces.
Found an escape hatch in the floor.
You now have 155 gold pieces (gained 14).
Found a scroll labelled JEXKITWAUH.
Found a stone staircase leading down.
Magic restored.
m - 2 scrolls labelled JEXKITWAUH (gained 1)
There is a stone staircase leading down here.
Found 3 gold pieces.
You now have 158 gold pieces (gained 3).
You see here a ball python corpse.
Unknown command.
Are you sure you want to abandon this character and quit the game? (Confirm with "yes".)

##...####.########## #.#
#...####.# ####.###
#........# #......#
###.##.#.# #.##.#.#
#.##.#.###### #.#..#.#
#...........# #.#.##.#
####.##.....# #.#.##.#
####.##.....# #......#
#.......@...# ###.####
#.##.##.....### #.#
#.##.##.#.....# #.##
#....##.#####.# #..#
#.#####.# #.# ##.#
#.#####.# #.# ##.#
#.......#####.# #..#
#....#####....####''#####
####.#####.##.#≈≈≈..≈≈≈#.


There were no monsters in sight!

Vanquished Creatures
  2 adders (D:3)
  A worm (D:3)
  6 dart slugs
  2 orcs (D:3)
  7 endoplasms
  4 giant cockroaches (D:1)
  5 goblins
  5 hobgoblins
  4 quokkas
  7 ball pythons
  4 bats
  4 frilled lizards
  13 kobolds
  5 rats
69 creatures vanquished.

Vanquished Creatures (others)
  10 plants (D:1)
10 creatures vanquished.

Grand Total: 79 creatures vanquished

Notes
Turn   | Place    | Note
-------+----------+-------------------------------------------
     0 | D:1      | Hiippo the Human Fighter began the quest for the Orb.
     0 | D:1      | Reached XP level 1. HP: 18/18 MP: 1/1
   121 | D:1      | Reached XP level 2. HP: 23/24 MP: 2/2
   363 | D:1      | Reached XP level 3. HP: 22/29 MP: 3/3
   609 | D:1      | Found a faded altar of an unknown god.
   881 | D:1      | Reached XP level 4. HP: 28/37 MP: 4/4
  1780 | D:2      | Reached skill level 4 in Fighting
  2807 | D:3      | Identified the +5 long sword of Qeilaxuc {holy, *Noise
                  | Int+4}
  2827 | D:3      | Reached XP level 5. HP: 34/42 MP: 5/5
  3272 | D:3      | Quit the game

Illustrated notes

Levels and vault maps discovered:
D:1:      onia_arrival_pentagram, layout_loops_ring, basic_ecumenical_altar,
          lexackson_kobold_supper
D:2:      layout_basic, hex_tiny
D:3:      layout_loops_cross, kennysheep_generic_room_7

Skill      XL: |  1  2  3  4 |
---------------+-------------+-----
Axes           | 3 |  3.7
Fighting       | 4 |  4.3
Armour         | |  3.0
Shields        | |  3.0

Action                   |  1- 3 |  4- 6 || total
-------------------------+-------+-------++-------
Melee: War axe           |   109 |   133 ||   242
  Use: Scroll            |       |    10 ||    10
       Potion            |       |     1 ||     1
Armor: Scale mail        |    39 |    49 ||    88
Dodge: Dodged            |    28 |    44 ||    72
Block: Buckler           |    15 |    31 ||    46
